[Event "*** Titled Tuesday Blitz"]
[Site "Chess.com"]
[Date "2021.02.02"]
[Round "6"]
[White "mfwagnerpeixoto"]
[Black "Nachsueb"]
[Result "0-1"]
[WhiteElo "2319"]
[BlackElo "2182"]
[TimeControl "180+1"]
[EndTime "11:09:55 PST"]
[Termination "Nachsueb won on time"]

1. e4 c5 2. Nf3 e6 3. d4 cxd4 4. Nxd4 Nc6 5. Nc3 a6 6. g3 Qc7 7.
Bg2 Nf6 8. O-O Bb4 9. Nde2 O-O 10. a3 Be7 11. h3 b5 12. Bf4 d6 13. g4 Bb7 14. Ng3 Rfd8 15. g5 Nd7 16. h4 Nf8 17. Nh5 Rac8 18. Bg3 Na5 19. f4 Nc4 20. Qd4 e5 21.
Qf2 d5 22. b4 Nxa3 23. fxe5 Bxb4 24. e6 Bc5 25. Bxc7 Bxf2+ 26. Rxf2 Rxc7 27. Rxa3 b4 28. Nxd5 Bxd5 29. exd5 bxa3 30. c4 fxe6 31. Ra2 Rxc4 32. dxe6 Nxe6 33. Rxa3 Rxh4 34. Ng3 Nxg5 35. Rxa6 Rhd4 36.
Nf5 Rd1+ 37. Kh2 R1d2 38. Ne7+ Kf7 39. Nc6 R8d6 40. Ne5+ Ke6 41. Rxd6+ Rxd6 42. Nc4 Rd4 43. Ne3 h5 44. Nc2 Ra4 45. Ne3 g6 46. Kg3 Kf6 47.
Nd5+ Ke5 48. Ne7 Ra3+ 49. Kh2 Kf6 50. Nd5+ Kf5 51. Ne7+ Kf6 52. Nd5+ Kg7 53. Nf4 Kh6 54. Nd5 Nf3+ 55. Kg3 Ne5+ 56. Kf4 Nf7 57. Nf6 g5+ 58. Kf5 Ra5+ 59. Ke4 Kg6 60. Nd5 Nd6+ 61. Kd4 Nf5+ 0-1

[Event "*** Titled Tuesday Blitz"]
[Site "Chess.com"]
[Date "2021.02.02"]
[Round "6"]
[White "ChessFighter1975"]
[Black "CheckThis4"]
[Result "1-0"]
[WhiteElo "2433"]
[BlackElo "2566"]
[TimeControl "180+1"]
[EndTime "11:09:57 PST"]
[Termination "ChessFighter1975 won on time"]

1. d4 Nf6 2. c4 e5 3. dxe5 Ng4 4. Nh3 Nxe5 5. Nc3 Nxc4 6. e4 d5 7. Nxd5 Ne5 8. Nhf4 c6 9. Nc3 Qxd1+ 10. Nxd1 Bb4+ 11. Nc3 Nbd7 12. Bd2 Nc5 13. a3 Nb3 14. Rd1 Ba5 15. Be3 Bg4 16. f3 Nxf3+ 17. gxf3 Bxf3 18. Rg1 Bxd1 19. Kxd1 O-O-O+ 20. Kc2 Nd4+ 21. Bxd4 Rxd4 22. Rxg7 Rhd8 23. Rxf7 Rd2+ 24. Kb3 Rxh2 25. Bh3+ Kb8 26. Rxh7 Rdd2 27. Rh8+ Kc7 28. Ne6+ Kd6 29. e5+ Kxe5 30.
Rh5+ Kf6 31. Ne4+ Kg6 32. Rg5+ Kh6 33. Nxd2 Rxh3+ 34. Kc2 b5 35. Re5 Rh2 36. b4 Bc7 37. Re4 Kg6 38. Nxc7 Kf5 39. Re8 Rh7 40. Ne6 a5 41.
Nd4+ Kf6 42. Nxc6 Rc7 43. bxa5 Rxc6+ 44. Kb3 Rd6 45. Nb1 Kf7 46. Rb8 Rd3+ 47. Nc3 Ke6 48. Rxb5 Kd6 49. a6 Kc6 50. Rb4 Rd8 51. a7 Ra8 52.
Ra4 Kb6 53. Kb4 Kb7 54. Kb5 Kc7 55. Ka6 Kc6 56. Rc4+ Kd7 57. Rh4 Kc6 58. Rh6+ Kc7 59. Rh7+ Kc6 60. Nb5 Re8 61. a4 Rf8 62. Rc7+ Kd5 63.
Rc2 Rf6+ 64. Ka5 Rf8 65. Nc7+ Kd6 66. a8=Q Rxa8+ 67. Nxa8 Kd7 68. Nb6+ 1-0

[Event "*** Titled Tuesday Blitz"]
[Site "Chess.com"]
[Date "2021.02.02"]
[Round "6"]
[White "MITerryble"]
[Black "rasmussvane"]
[Result "0-1"]
[WhiteElo "2923"]
[BlackElo "2883"]
[TimeControl "180+1"]
[EndTime "11:09:59 PST"]
[Termination "rasmussvane won on time"]

1. d4 d5 2. Nf3 e6 3. c4 a6 4. e3 Nf6 5. b3 b6 6. Bd3 Bb7 7. O-O Bd6 8. Bb2 O-O 9. Nbd2 Nbd7 10. Qe2 Ne4 11. Rfd1 Qe7 12. Ne5 Nxe5 13. dxe5 Ba3 14. Bxa3 Qxa3 15. Bxe4 dxe4 16. Nf1 Rad8 17. Rd4 Rxd4 18.
exd4 Rd8 19. Rd1 h6 20. Ne3 Qa5 21. Qc2 Qb4 22. h3 Qe7 23. Qc3 c6 24. Rd2 Rd7 25. b4 Qd8 26. c5 b5 27. Nc2 Qh4 28.
Qe3 f5 29. exf6 gxf6 30. g3 Qg5 31. h4 Qxe3 32. Nxe3 f5 33. Kf1 Kf7 34. Ke1 Kf6 35. Ng2 Bc8 36. Nf4 a5 37. a3 Ra7 38.
Rb2 axb4 39. axb4 e5 40. dxe5+ Kxe5 41. Kd2 Ra3 42. Ng6+ Kd4 43. Nf4 Bd7 44. Ne2+ Ke5 45. Nf4 Be6 46. Ke1 Bc4 47. Kd2 Kd4 48. Kc2 Rc3+ 49. Kd2 e3+ 50. fxe3+ Rxe3 51. Nh5 Re2+ 52. Kc1 Re1+ 53. Kd2 Re3 54. Kc1 Rf3 55. Rd2+ Kc3 56. Rc2+ Kxb4 57. Kb2 Kxc5 58. Rd2 Kb4 59. Ng7 c5 60.
Rd6 Rxg3 61. Nxf5 Rg2+ 62. Kc1 Kc3 63. Nxh6 Bb3 0-1

[Event "*** Titled Tuesday Blitz"]
[Site "Chess.com"]
[Date "2021.02.02"]
[Round "6"]
[White "Sofiia_Hryzlova"]
[Black "NiranjanNavalgund"]
[Result "0-1"]
[WhiteElo "2254"]
[BlackElo "2528"]
[TimeControl "180+1"]
[EndTime "11:09:59 PST"]
[Termination "NiranjanNavalgund won by resignation"]

1. c4 e5 2. g3 h5 3. Nc3 h4 4.
Bg2 d6 5. gxh4 Qxh4 6. Nf3 Qxc4 7. b3 Qe6 8. h4 Be7 9. d4 exd4 10. Bh3 f5 11. Nxd4 Qf7 12. Ncb5 Na6 13. Qc2 Rxh4 14.
Bb2 Bf6 15. O-O-O Bd7 16. Kb1 Bxb5 17. Nxb5 Bxb2 18. Kxb2 Qf6+ 19. Kb1 O-O-O 20. Bxf5+ Kb8 21. Rxh4 Qxh4 22. Rc1 c6 23. e4 Ne7 24. Nd4 Qf6 25.
Qc4 d5 26. exd5 Rxd5 27. Nxc6+ bxc6 28. Qxa6 Qxf5+ 29. Kb2 Qe5+ 30. Kb1 Qe4+ 31. Ka1 Qd4+ 32. Kb1 Qd3+ 33. Qxd3 Rxd3 34. Re1 Nd5 35. Re8+ Kb7 36. Rg8 Rd1+ 37. Kc2 Rg1 38. Kd3 Rg2 39. Ke2 a5 40. Kf3 Rg6 41. Rf8 Rf6+ 42. Rxf6 gxf6 43. Ke4 Kc7 44.
Kf5 Kd6 45. a3 Kc5 46. f4 Kd4 47. Ke6 c5 48. f5 c4 49. bxc4 Kxc4 50. Kd6 a4 51.
Ke6 Kd4 52. Kd6 Ke4 53. Ke6 Kd4 54. Kd6 Kc4 55. Ke6 Kc5 56. Kf7 Kd6 57. Kg6 Ke5 58.
Kf7 Kxf5 59. Ke8 Ke5 60. Kd7 Ne3 61. Kc6 Nc2 62. Kb5 Nxa3+ 63. Kxa4 Nc4 0-1

[Event "*** Titled Tuesday Blitz"]
[Site "Chess.com"]
[Date "2021.02.02"]
[Round "6"]
[White "canary2016"]
[Black "KarateBaby"]
[Result "0-1"]
[WhiteElo "2017"]
[BlackElo "2228"]
[TimeControl "180+1"]
[EndTime "11:10:00 PST"]
[Termination "KarateBaby won by checkmate"]

1. d4 Nf6 2. Bf4 g6 3. c4 Bg7 4. e3 O-O 5. Nc3 d6 6. Nf3 Nbd7 7. Bd3 Re8 8. O-O e5 9. dxe5 dxe5 10. Bg5 h6 11. Bxf6 Nxf6 12. Bc2 c6 13. Qe2 Qe7 14. h3 Nh5 15. Rfd1 f5 16. Nd2 Nf6 17. Nb3 g5 18. Rd2 e4 19. Rad1 Be6 20. Nd4 a5 21. Na4 Rab8 22. Nxe6 Qxe6 23. Nc5 Qe7 24. Nd7 Rbd8 25. Nxf6+ Qxf6 26. Bb3 c5 27. Rd5 b6 28.
Ba4 Rxd5 29. Rxd5 Re7 30. Rd2 f4 31. exf4 gxf4 32. Qg4 Re5 33. Qc8+ Kh7 34. Bc2 f3 35. Qb7 Qg5 36. Bxe4+ Kg8 37. Bd5+ Kh8 38. Qc8+ Kh7 39. Qg8+ Kg6 40. Qf7+ Kh7 41. Qg8+ Kg6 42. Bf7+ Kf6 43. Qd8+ Kxf7 44. Rd7+ Re7 45. Rxe7+ Qxe7 46. Qd5+ Kg6 47. Qd3+ Kf7 48. Qxf3+ Qf6 49. Qb7+ Kg6 50. g3 Qxb2 51.
Qc6+ Qf6 52. Qc8 Bf8 53. Qg4+ Kh7 54. Qe4+ Kh8 55. Qd5 Bd6 56. Qa8+ Kg7 57. Qb7+ Kg6 58.
Qe4+ Kf7 59. Qb7+ Qe7 60. Qf3+ Ke8 61. Qa8+ Kd7 62. Qb7+ Bc7 63. Qd5+ Qd6 64. Qf5+ Kc6 65. Qf3+ Kd7 66. Qf7+ Kd8 67. Qg8+ Kd7 68. Qg7+ Kc8 69.
Qh7 Kb7 70. Qxh6 Qxh6 71. h4 Qd2 72. Kg2 Qd4 73. Kh2 Qxc4 74. Kg2 Qxa2 75. Kh2 c4 76.
Kg2 c3 77. Kg1 c2 78. Kg2 c1=Q 79. Kh3 Qc3 80. Kh2 Qxf2+ 81. Kh3 Qcxg3# 0-1

[Event "*** Titled Tuesday Blitz"]
[Site "Chess.com"]
[Date "2021.02.02"]
[Round "6"]
[White "MVM2008"]
[Black "Al_Shima"]
[Result "0-1"]
[WhiteElo "2109"]
[BlackElo "2290"]
[TimeControl "180+1"]
[EndTime "11:10:01 PST"]
[Termination "Al_Shima won on time"]

1. e4 c5 2. Nf3 Nc6 3. d4 cxd4 4. c3 d3 5. Bxd3 d6 6. O-O Nf6 7. Nd4 g6 8. Nxc6 bxc6 9. f4 Bg7 10. e5 Ng4 11.
Qf3 Qb6+ 12. Kh1 dxe5 13. h3 h5 14. Na3 Be6 15. Nc4 Qc5 16. Nxe5 Bd5 17. Qe2 Nxe5 18. fxe5 Bxe5 19. Bg5 O-O 20. Rae1 Bd6 21. Bxe7 Bxe7 22. Qxe7 Qxe7 23. Rxe7 Bxa2 24. Ra1 Bd5 25. Raxa7 Rxa7 26. Rxa7 Rb8 27. b4 c5 28. bxc5 Rb2 29. Rd7 Bxg2+ 30. Kg1 Bxh3 31. Rd8+ Kg7 32. c6 Rb3 33. Bf1 Bxf1 34.
Kxf1 Rxc3 35. Rd6 h4 36. Kg2 f6 37. Rd7+ Kh6 38. c7 g5 39. Kh2 Kg6 40. Kg2 g4 41. Kf2 Rc2+ 42. Ke3 h3 43. Kf4 h2 44. Rd1 f5 45.
Rd6+ Kh5 46. Rd8 Kg6 47. Rh8 Rxc7 48. Rxh2 Rc4+ 49. Kg3 Re4 50. Rd2 Kg5 51. Rd5 Re3+ 52. Kf2 Rf3+ 53. Kg2 Kf4 54. Rd4+ Kg5 55. Rd5 Re3 56.
Kf2 Ra3 57. Kg2 Ra2+ 58. Kg3 Ra3+ 59. Kg2 g3 60. Rd4 f4 61. Rd8 Ra2+ 62. Kg1 Kg4 63.
Rg8+ Kf3 0-1

[Event "*** Titled Tuesday Blitz"]
[Site "Chess.com"]
[Date "2021.02.02"]
[Round "6"]
[White "Kostya_Nikologorskiy"]
[Black "SergeyShtyka"]
[Result "1-0"]
[WhiteElo "2695"]
[BlackElo "2479"]
[TimeControl "180+1"]
[EndTime "11:10:02 PST"]
[Termination "Kostya_Nikologorskiy won by resignation"]

1. c4 c5 2. Nc3 Nc6 3. g3 g6 4. Bg2 Bg7 5. Nf3 e5 6. O-O Nge7 7. d3 O-O 8. Ne1 d6 9. Nc2 Be6 10. Ne3 Qd7 11. Ned5 Bh3 12. Ne4 Nxd5 13. cxd5 Ne7 14. Bxh3 Qxh3 15. Nxd6 Qd7 16. Ne4 Qxd5 17. Bh6 c4 18. Bxg7 Kxg7 19. Nc3 Qc6 20. dxc4 Qxc4 21. Qd7 Nf5 22. Rfd1 Nd4 23. e3 Ne2+ 24. Nxe2 Qxe2 25.
Rd2 Qa6 26. Qc7 Rae8 27. Rd7 b5 28. Qxa7 Qe6 29. Rc7 Ra8 30. Qc5 b4 31. Re7 Qf6 32. Qxe5 Qxe5 33. Rxe5 Ra4 34. Rb5 Rfa8 35. b3 Rxa2 36.
Rxa2 Rxa2 37. Rxb4 h5 38. h4 Kf6 39. Kg2 Rb2 40. Kf3 Kf5 41. Rb5+ Kf6 42. e4 Ke6 43. Ke3 Rb1 44. f3 Rg1 45. Kf4 Rb1 46. Rb6+ Ke7 47. b4 Rb3 48. b5 Rb4 49. Rb7+ Kf6 50.
b6 Ke6 51. Rb8 Rb5 52. g4 hxg4 53. Kxg4 Kf6 54. f4 Rb4 55. e5+ Kg7 56. b7 Rb5 57. h5 gxh5+ 58. Kxh5 Rb6 59. Kg4 Rb3 60. f5 Rb4+ 61.
Kg5 Rb1 62. f6+ Kh7 63. Kf5 Rf1+ 64. Ke4 Re1+ 65. Kd3 Rb1 66. e6 Kg6 67. e7 Rd1+ 68. Kc2 Re1 69. e8=Q 1-0

[Event "*** Titled Tuesday Blitz"]
[Site "Chess.com"]
[Date "2021.02.02"]
[Round "6"]
[White "Taktikmonster"]
[Black "JQuiroga18"]
[Result "0-1"]
[WhiteElo "2292"]
[BlackElo "2442"]
[TimeControl "180+1"]
[EndTime "11:10:02 PST"]
[Termination "JQuiroga18 won by checkmate"]

1. e4 e5 2. Nf3 Nc6 3. Bc4 Nf6 4. d3 Bc5 5. c3 O-O 6. O-O d6 7. b4 Bb6 8. a4 a5 9. b5 Ne7 10. Bg5 Ng6 11. Qb3 h6 12. Nh4 Nxh4 13. Bxh4 g5 14. Bg3 Nh5 15. Nd2 Qe7 16. Kh1 Kh8 17. Rae1 Be6 18.
Nf3 Ng7 19. d4 f6 20. Bd5 Rae8 21. h4 Nh5 22. Bxe6 Qxe6 23. Qxe6 Rxe6 24. dxe5 fxe5 25. Nh2 Nxg3+ 26. fxg3 Ref6 27. hxg5 hxg5 28. Rxf6 Rxf6 29.
Rg1 Bxg1 30. Kxg1 Kg7 31. Ng4 Rf8 32. Ne3 Kf7 33. Nd5 c6 34. bxc6 bxc6 35. Nb6 Rb8 36.
Nc4 Ke6 37. Nxa5 c5 38. Kf2 Ra8 39. Nb3 Rxa4 40. Ke3 Ra3 41. Nd2 Rxc3+ 42. Ke2 Rxg3 43. Kf2 Ra3 44. Nf3 g4 45. Ng5+ Kf6 46. Nh7+ Kg7 47. Nf8 c4 48. Ne6+ Kf6 49. Nc7 c3 50. Nd5+ Kg5 51.
Ke2 c2 52. Kd2 Ra2 53. Kc1 Kh4 54. Ne3 Kg3 55. Nf5+ Kxg2 56. Nxd6 Kf3 57. Nc4 g3 58. Ne3 g2 59. Nxg2 Ra1+ 60. Kd2 Kxg2 61. Kxc2 Re1 62. Kd3 Kf3 63. Kd2 Rxe4 64. Kd3 Rd4+ 65. Kc2 Rd7 66. Kc3 e4 67. Kc2 e3 68. Kc3 e2 69. Kb3 e1=Q 70. Ka2 Qd2+ 71. Kb3 Qd3+ 72. Kb4 Rb7+ 73. Ka5 Rb5+ 74.
Ka6 Rc5+ 75. Ka7 Qa3+ 76. Kb6 Qb4+ 77. Ka7 Ra5# 0-1

[Event "*** Titled Tuesday Blitz"]
[Site "Chess.com"]
[Date "2021.02.02"]
[Round "6"]
[White "SharapovEvgeny"]
[Black "mbojan"]
[Result "0-1"]
[WhiteElo "2458"]
[BlackElo "2654"]
[TimeControl "180+1"]
[EndTime "11:10:04 PST"]
[Termination "mbojan won on time"]

1. c4 g6 2. Nc3 Bg7 3. g3 Nf6 4.
Bg2 O-O 5. e3 c6 6. Nge2 d5 7.
cxd5 cxd5 8. d4 Nc6 9. O-O Bf5 10. Bd2 Ne4 11. Nxe4 Bxe4 12. Bxe4 dxe4 13. Nc3 Qb6 14. Nxe4 Qxb2 15. Qb3 Qxb3 16. axb3 Rfd8 17. f4 Nxd4 18. Rab1 Nb5 19. Bb4 e6 20. Rfd1 b6 21. Be7 Rd5 22. Rxd5 exd5 23. Nf6+ Bxf6 24. Bxf6 Nd6 25. Be5 Ne4 26. Rc1 f6 27. Bd4 Rf8 28. Rc7 Rf7 29.
Rc8+ Kg7 30. Rd8 Nd2 31. b4 Nf3+ 32. Kg2 Nxd4 33. exd4 Rc7 34. Rxd5 Kf7 35. Rd8 Ke6 36. d5+ Ke7 37. Rh8 Kd6 38. Rd8+ Rd7 39. Rf8 f5 40.
Rc8 Kxd5 41. b5 Kd6 42. Rc6+ Ke7 43. h4 Kd8 44. h5 Rd5 45. hxg6 hxg6 46. Rxg6 Rxb5 47.
Rg5 Rc5 48. Rg8+ Kc7 49. Rg7+ Kb8 50. g4 fxg4 51. Kg3 a5 52. Kxg4 a4 53. Rh7 a3 54.
Rh1 b5 55. Ra1 b4 56. f5 Kb7 57. f6 Kb6 58. f7 Rc8 59. Kf5 Kb5 60. Ke6 Rf8 61. Ke7 Rxf7+ 62. Kxf7 Ka4 63. Ke6 b3 64. Kd5 b2 0-1

[Event "*** Titled Tuesday Blitz"]
[Site "Chess.com"]
[Date "2021.02.02"]
[Round "6"]
[White "Tpros"]
[Black "Fischerev7"]
[Result "0-1"]
[WhiteElo "2503"]
[BlackElo "2385"]
[TimeControl "180+1"]
[EndTime "11:10:04 PST"]
[Termination "Fischerev7 won by checkmate"]

1. e4 c5 2. d3 g6 3. g3 Bg7 4. Bg2 e6 5. f4 Ne7 6. Nf3 O-O 7. O-O d5 8. c3 Nbc6 9. e5 b5 10. Be3 d4 11. cxd4 cxd4 12. Nxd4 Nxd4 13. Bxa8 Ndf5 14. Bf2 Nd5 15. Qf3 f6 16. d4 Nb6 17. Be4 Nxd4 18. Qd3 fxe5 19. fxe5 Nf3+ 20. Kg2 Qxd3 21. Bxd3 Bb7 22.
Kh3 Ng5+ 23. Kg4 Nf3 24. Bxb6 Nxe5+ 25. Kh3 Nxd3 26. Rxf8+ Kxf8 27. Nc3 axb6 28. Rf1+ Ke7 29. Nxb5 Bxb2 30. a4 h5 31. g4 Ne5 32. gxh5 gxh5 33.
Rf2 Nd3 34. Rc2 Be5 35. Kh4 Bf3 36. Rc4 Nf4 37. Kg5 Nh3+ 38. Kg6 Nf4+ 39. Kg5 Nd5 40. Kg6 Bf6 41. Nc7 Be5 42. Nxd5+ Bxd5 43. Rb4 Bc7 44. Kxh5 Kd6 45. Kg6 Kc5 46. Rh4 Bc6 47.
Rh8 Bxa4 48. Kf6 Kd6 49. Re8 Bxe8 50. h4 Bc6 51. h5 Be4 52. h6 Bb1 53. Kf7 Bh7 54.
Kg7 Bd3 55. Kf6 Kd7 56. Kf7 Be5 57. Kf8 Bb2 58. Kf7 b5 59. Kf8 b4 60. Kf7 b3 61.
Kf8 Bc3 62. Kf7 b2 63. h7 Bxh7 64. Kf8 Bd3 65. Kf7 b1=Q 66. Kf8 Qb8+ 67. Kf7 Qf4+ 68. Kg8 Qg5+ 69. Kf8 Qf6+ 70. Kg8 Qg7# 0-1

[Event "*** Titled Tuesday Blitz"]
[Site "Chess.com"]
[Date "2021.02.02"]
[Round "6"]
[White "ailime26"]
[Black "Grineva_Marianna"]
[Result "1-0"]
[WhiteElo "2081"]
[BlackElo "2238"]
[TimeControl "180+1"]
[EndTime "11:10:04 PST"]
[Termination "ailime26 won by resignation"]

1. e4 c5 2. Nf3 Nc6 3. d4 cxd4 4. Nxd4 Nf6 5. Nc3 g6 6. Be3 d6 7. f3 Bg7 8. Qd2 Bd7 9. O-O-O Ne5 10. g4 Rc8 11.
Qf2 Qa5 12. Nb3 Qc7 13. h4 Nfxg4 14. fxg4 Nxg4 15. Qe1 Nxe3 16. Qxe3 Bxc3 17. bxc3 Qxc3 18. Qxc3 Rxc3 19. Kb2 Rc7 20. h5 Bg4 21. hxg6 fxg6 22. Rd2 Kf7 23. Rf2+ Kg7 24. Nd4 Rhc8 25. Be2 Bd7 26.
Bd3 e5 27. Nf3 a6 28. Ng5 Bg4 29. Rxh7+ Kg8 30. Rh6 Bh5 31. Rf6 Rd7 32. Kb3 Rf8 33. Rxf8+ Kxf8 34. Rh8+ Kg7 35. Rh7+ Kf6 36. Rxd7 Kxg5 37.
Rxd6 Kf4 38. Rd7 g5 39. Rxb7 g4 40. Rg7 g3 41. Bf1 Bf3 42. c4 Bxe4 43. c5 Kf3 44. Kc4 Kf2 45. Bh3 g2 46. Rf7+ Ke3 47. Bxg2 Bxg2 48. Re7 e4 49. c6 Bh3 50. c7 Kf3 51. Re8 e3 52. c8=Q Bxc8 53. Rxc8 e2 54. Re8 Kf2 55. Kb4 e1=Q+ 56. Rxe1 Kxe1 57. Ka5 Kd2 58. Kxa6 Kc3 59. a4 Kb4 60. a5 Kc5 61. Kb7 Kb5 62.
a6 Kc5 63. a7 1-0

[Event "*** Titled Tuesday Blitz"]
[Site "Chess.com"]
[Date "2021.02.02"]
[Round "6"]
[White "EvgenyT"]
[Black "wnstop"]
[Result "1-0"]
[WhiteElo "2980"]
[BlackElo "2743"]
[TimeControl "180+1"]
[EndTime "11:10:05 PST"]
[Termination "EvgenyT won by resignation"]

1. c4 e5 2. Nc3 Nf6 3. Nf3 Nc6 4. g3 Bb4 5. Nd5 Bc5 6. Bg2 O-O 7. O-O h6 8. e3 a6 9. b3 d6 10. Bb2 Ba7 11. h3 Re8 12. d3 Bf5 13. Kh2 Rb8 14.
a3 Nxd5 15. cxd5 Ne7 16. b4 Bd7 17. Nd2 c6 18. Nc4 Qc7 19. Rc1 Rbd8 20. Na5 Bb6 21. dxc6 bxc6 22. Nc4 Ba7 23. d4 e4 24. Na5 d5 25.
Nb3 Bb8 26. Nc5 Bc8 27. Kg1 g6 28. Bc3 h5 29. Qe2 h4 30. Be1 Nf5 31. Nxa6 Bxa6 32. Qxa6 hxg3 33. fxg3 Nxg3 34. Rxc6 Ne2+ 35. Kf2 Qg3+ 36.
Kxe2 Qxg2+ 37. Rf2 Qxh3 38. Rcf6 Re7 39. Qb6 Qg4+ 40.
Kd2 Rc8 41. Rc6 Rxc6 42. Qxc6 Bg3 43. Re2 Bxe1+ 44. Rxe1 Re8 45. Qxe8+ Kg7 46. Qe5+ Kg8 47. Qxd5 Qg2+ 48. Re2 Qh1 49. Qa8+ Kg7 50. Qc8 Qb1 51.
Qc3 Qa2+ 52. Ke1 Qb1+ 53. Kf2 Qh1 54. d5+ Kg8 55. Qe5 Qf3+ 56. Ke1 Qh1+ 57. Kd2 Qb1 58.
Qc3 Qa2+ 59. Ke1 Qxd5 60. Rd2 Qg5 61. Kd1 Qg1+ 62. Kc2 Qg5 63. b5 1-0

[Event "*** Titled Tuesday Blitz"]
[Site "Chess.com"]
[Date "2021.02.02"]
[Round "6"]
[White "Gmedmundo"]
[Black "Philosopherrr"]
[Result "0-1"]
[WhiteElo "2401"]
[BlackElo "2574"]
[TimeControl "180+1"]
[EndTime "11:10:05 PST"]
[Termination "Philosopherrr won on time"]

1. e4 e5 2. Nf3 Nc6 3. d4 exd4 4. Nxd4 Qf6 5. Nb5 Bc5 6. Qe2 Bb6 7. N1c3 Nge7 8. Bd2 O-O 9. f4 d6 10. O-O-O a6 11. Na3 Nd4 12. Qd3 c5 13. Nc4 Bc7 14. Ne3 b5 15. Ncd5 Nxd5 16. Nxd5 Qd8 17. c3 Nc6 18. Be2 Be6 19. Be3 Bb8 20. h4 b4 21.
c4 Ra7 22. Bf3 a5 23. h5 h6 24. Kb1 a4 25. g4 a3 26. b3 Bxd5 27. Qxd5 Nd4 28.
Bxd4 cxd4 29. Rhg1 Rd7 30. g5 Kh8 31. gxh6 gxh6 32.
Qxd4+ f6 33. Rg6 Rh7 34. Qd5 Qe7 35. Rdg1 Qf7 36. Qxf7 Rhxf7 37. Rxh6+ Rh7 38. Rhg6 d5 39. exd5 Bxf4 40. Bg4 f5 41. Bxf5 Rxh5 42. Be6 Be3 43. Rg8+ Rxg8 44. Rxg8+ Kh7 45. Rg3 Rh1+ 46. Kc2 Rh2+ 47.
Kd3 Bh6 48. Rh3 Rd2+ 49. Ke4 Rxa2 50. d6 Rd2 51. d7 a2 52. Rh1 Kg7 53. Bd5 Bg5 54. c5 Kf8 55. c6 Bd8 56. Rf1+ Ke7 57. Ke3 Rxd5 58. Ra1 Rb5 59. Rxa2 Bb6+ 60. Kd3 Rc5 61. Ra8 Rc3+ 0-1

[Event "*** Titled Tuesday Blitz"]
[Site "Chess.com"]
[Date "2021.02.02"]
[Round "6"]
[White "BvsN"]
[Black "louis198"]
[Result "1-0"]
[WhiteElo "2384"]
[BlackElo "2568"]
[TimeControl "180+1"]
[EndTime "11:10:05 PST"]
[Termination "BvsN won on time"]

1. c4 e6 2. Nc3 d5 3. d4 c6 4. e3 Nf6 5. Nf3 Be7 6. b3 O-O 7. Bd3 b6 8. O-O Bb7 9. Bb2 Nbd7 10. e4 dxe4 11. Nxe4 c5 12. Qe2 cxd4 13. Bxd4 Nxe4 14. Bxe4 Bxe4 15. Qxe4 Bf6 16. Rad1 Qe7 17. Rfe1 Bxd4 18.
Qxd4 Rfd8 19. Qd6 Qe8 20. Qf4 Nc5 21. Qe3 a5 22. h3 h6 23. Nd4 Qd7 24. Qf3 Qe8 25.
Nb5 Rxd1 26. Rxd1 Rd8 27. a3 a4 28. b4 Nb3 29. Nc7 Rxd1+ 30. Qxd1 Qc6 31. Qd8+ Kh7 32. Qe7 Kg6 33. c5 bxc5 34. b5 Qb6 35. Qd7 Nd4 36.
h4 h5 37. Kh2 c4 38. Na8 Qb8+ 39. g3 Nf3+ 40. Kg2 Qxa8 41. Qc6 Ne1+ 42. Kf1 Qa5 43.
b6 Nd3 44. b7 Qe1+ 45. Kg2 Qxf2+ 46. Kh3 Qf1+ 47. Qg2 Qb1 48. Qe4+ Kh6 49. Qe3+ Kh7 50. Qe4+ g6 51. Qf3 Qxb7 52. Qxb7 Ne5 53. Qc7 Ng4 54. Qxf7+ Kh6 55. Qxe6 c3 56. Qc4 Nf2+ 57. Kg2 Nd1 58. Qd3 c2 59. Qd2+ Kg7 60. Kh3 Nf2+ 61. Kg2 Nd1 62. Qc1 Kf6 63. Kf3 Ke5 64. Ke2 Nc3+ 65. Kd3 1-0

[Event "*** Titled Tuesday Blitz"]
[Site "Chess.com"]
[Date "2021.02.02"]
[Round "6"]
[White "anantone"]
[Black "Forantes"]
[Result "1-0"]
[WhiteElo "2544"]
[BlackElo "2291"]
[TimeControl "180+1"]
[EndTime "11:10:06 PST"]
[Termination "anantone won by checkmate"]

1. e4 c5 2. Nf3 Nc6 3. d4 cxd4 4. Nxd4 g6 5. Nc3 Bg7 6. Nde2 Nf6 7. g3 O-O 8. Bg2 d6 9. O-O Rb8 10. a4 b6 11. Nd5 Bb7 12. Bg5 Nxd5 13. exd5 Ne5 14.
Ra2 Qd7 15. b3 e6 16. c4 exd5 17. cxd5 Qf5 18. Be7 Nf3+ 19. Bxf3 Qxf3 20. Nf4 Qxd1 21. Rxd1 Rfe8 22. Bxd6 Rbd8 23. Bc7 Rd7 24. d6 Be5 25. Re1 Kf8 26. Rae2 f6 27. Nd3 Ba6 28. Nxe5 fxe5 29. Rxe5 Rxe5 30. Rxe5 Kf7 31. f4 Kf6 32. Kf2 Bb7 33.
g4 Bc6 34. Ke3 Rf7 35. h3 Kg7 36. f5 Bd7 37. Kf4 gxf5 38. gxf5 Kf6 39. Bd8+ Kg7 40. f6+ Kg6 41. Rg5+ Kh6 42. h4 a6 43. Be7 b5 44. axb5 axb5 45. b4 Bc6 46. Ke5 Bd7 47.
Kd5 Be6+ 48. Kc5 Bd7 49. Re5 Kg6 50. Kb6 Kh6 51. Kc7 Bg4 52. d7 Bxd7 53. Kxd7 Kg6 54. Ke6 Kh6 55. Rxb5 Rxf6+ 56. Bxf6 Kg6 57. Rg5+ Kh6 58.
Rg7 Kh5 59. Rxh7+ Kg4 60. Rf7 Kh5 61. b5 Kg6 62. b6 Kh6 63. b7 Kh5 64. b8=Q Kg4 65.
Qg8+ Kf4 66. Be7+ Ke4 67. Qg4+ Kd3 68. Rf3+ Kd2 69. Qg2+ Ke1 70. Rf1# 1-0

[Event "*** Titled Tuesday Blitz"]
[Site "Chess.com"]
[Date "2021.02.02"]
[Round "6"]
[White "dennisodessa"]
[Black "K_A_S_T_O_R"]
[Result "1/2-1/2"]
[WhiteElo "2473"]
[BlackElo "2724"]
[TimeControl "180+1"]
[EndTime "11:10:07 PST"]
[Termination "Game drawn by stalemate"]

1. d4 Nf6 2. c4 e6 3. Nc3 Bb4 4. Qc2 O-O 5. a3 Bxc3+ 6. Qxc3 d6 7. Bg5 Nbd7 8. Nf3 h6 9. Bh4 b6 10. e3 Ba6 11. Be2 c5 12. O-O Rc8 13. Rac1 d5 14. Rfe1 cxd4 15. Qxd4 Bxc4 16. Bxc4 dxc4 17. Rxc4 Rxc4 18.
Qxc4 Qa8 19. Rc1 Ne4 20. Qc6 Ndc5 21. Qxa8 Rxa8 22. Nd4 g5 23. Bg3 Rd8 24. b4 Nd3 25. Rc7 a5 26. Nc6 Ra8 27. b5 a4 28. Rb7 Nb2 29.
Rxb6 Nc4 30. Rb8+ Rxb8 31. Bxb8 Nxa3 32. b6 Nb5 33. Nb4 Nc5 34. Be5 Kf8 35. Bd4 Nxd4 36. exd4 Nb7 37. Kf1 Ke7 38. Ke2 Kd7 39. Kd3 Nd6 40. Kc3 Kc8 41. d5 Kb7 42. dxe6 fxe6 43.
Kd4 Kxb6 44. Ke5 Kb5 45. Na2 Nb7 46. Nc3+ Kb4 47. Nxa4 Kxa4 48. Kxe6 Kb5 49. Kf5 Nd6+ 50. Kg6 g4 51. Kxh6 Ne4 52. f3 gxf3 53. gxf3 Nd6 54. f4 Kc6 55. Kg6 Kd7 56. f5 Ke7 57. h4 Kf8 58. h5 Nf7 59. h6 Nxh6 60. Kxh6 Kf7 61.
Kg5 Kg7 62. Kf4 Kf6 63. Ke4 Kf7 64. Ke5 Ke7 65. f6+ Kf7 66. Kf5 Kf8 67. Kf4 Kf7 68. Kg5 Kf8 69. Kf5 Kf7 70. Ke5 Kf8 71. Ke6 Ke8 72. Kf5 Kf7 73. Kg5 Kf8 74. Kg6 Kg8 75.
f7+ Kf8 76. Kf6 1/2-1/2

[Event "*** Titled Tuesday Blitz"]
[Site "Chess.com"]
[Date "2021.02.02"]
[Round "6"]
[White "ukchessbomber"]
[Black "maximnovik"]
[Result "0-1"]
[WhiteElo "2389"]
[BlackElo "2563"]
[TimeControl "180+1"]
[EndTime "11:10:08 PST"]
[Termination "maximnovik won by checkmate"]

1. d4 Nf6 2. c4 g6 3. Nc3 d5 4.
cxd5 Nxd5 5. e4 Nxc3 6. bxc3 Bg7 7. Be3 c5 8. Qd2 Qa5 9. Nf3 Nc6 10. Rc1 cxd4 11.
cxd4 Qxd2+ 12. Kxd2 O-O 13. Ke1 Rd8 14. d5 Na5 15.
Bb5 e6 16. Bg5 f6 17. Bf4 e5 18. Bd2 b6 19. Bxa5 bxa5 20. Ke2 Rb8 21. a4 a6 22. Bd3 Rb4 23. Rc4 Bf8 24. Rc6 Bd6 25. Bxa6 Bxa6+ 26. Rxa6 Rxe4+ 27. Kd3 Rxa4 28. Nd2 f5 29.
Nc4 e4+ 30. Kc3 Bf8 31. Rd1 Rc8 32. Rc6 Rd8 33. d6 Rb4 34. d7 Bg7+ 35. Kc2 Rbb8 36.
Nb6 Kf7 37. Rc8 Ke7 38. Rxb8 Rxb8 39. Nc8+ Kd8 40. Na7 Rb6 41. Rd5 a4 42. Nc8 Rb2+ 43. Kc1 Rb7 44. Nd6 Rxd7 45. Nb7+ Kc7 46. Rxd7+ Kxd7 47. Nc5+ Kc6 48. Nxa4 Kb5 49. Nb2 Bxb2+ 50. Kxb2 Kc4 51.
Kc2 f4 52. Kd2 Kd4 53. h4 e3+ 54. fxe3+ fxe3+ 55. Ke2 Ke4 56. g4 h6 57. g5 h5 58. Ke1 Kf3 59. Kf1 Kg4 60. Ke2 Kxh4 61. Kxe3 Kxg5 62. Kf3 Kh4 63. Kf2 g5 64. Kg2 g4 65.
Kh2 g3+ 66. Kg2 Kg4 67. Kg1 Kf3 68. Kh1 g2+ 69. Kg1 h4 70. Kh2 Kf2 71. Kh3 g1=Q 72. Kxh4 Qg6 73. Kh3 Qg3# 0-1

[Event "*** Titled Tuesday Blitz"]
[Site "Chess.com"]
[Date "2021.02.02"]
[Round "6"]
[White "benko_008"]
[Black "GMMarcinDziuba"]
[Result "1-0"]
[WhiteElo "2395"]
[BlackElo "2597"]
[TimeControl "180+1"]
[EndTime "11:10:08 PST"]
[Termination "benko_008 won by resignation"]

1. Nf3 Nf6 2. c4 g6 3. Nc3 Bg7 4. e4 O-O 5. d4 d6 6. Be2 c5 7. O-O Nc6 8. d5 Na5 9. h3 a6 10. Bd2 Rb8 11. a4 e6 12. Bd3 exd5 13. exd5 Bd7 14.
Qc2 Ne8 15. Rfe1 b6 16. Re2 Nc7 17. Bg5 Bf6 18. Bh6 Re8 19. Rae1 Rxe2 20. Rxe2 b5 21. axb5 axb5 22. cxb5 Nxb5 23. Nxb5 Bxb5 24. Bxb5 Rxb5 25. Qe4 Rb8 26. h4 Bg7 27. Bxg7 Kxg7 28. h5 Qf6 29. Qa4 Nb3 30. Nh2 Nd4 31. h6+ Kf8 32. Re3 Nf5 33. Rb3 Rxb3 34. Qxb3 Nxh6 35. Nf3 Kg7 36. Qb8 Nf5 37. b4 cxb4 38. Qxb4 h5 39. Qf4 Ne7 40. Qc4 Qf5 41. Qd4+ Kg8 42. Qb6 Qd7 43. Qd4 Qb7 44. Qf6 Qd7 45. Qd4 Nf5 46.
Qf6 Qe7 47. Qc3 Qe4 48. Qc8+ Kg7 49. Qc3+ Kf8 50. Qc8+ Qe8 51. Qc3 Kg8 52. g3 Qe4 53.
Qc8+ Kg7 54. Qc3+ f6 55. Ng5 Qe7 56. Ne6+ Kf7 57. Qc8 Qe8 58. Qc7+ Qe7 59. Qc8 Qe8 60. Nd8+ Kg7 61. Qc7+ Qe7 62. Ne6+ Kh6 63. Qc8 g5 64. Qh8+ Kg6 65. Qg8+ Ng7 66. Nf8+ Kf5 67. Qh7+ Ke5 68. Ng6+ Kxd5 69. Nxe7+ 1-0